 Dungeon Crawl Stone Soup version 0.30-a0-553-g7fabdf1491 (webtiles) character file.

Game seed: 5116751344198596686

363248 Armakuni the Annihilator (level 23, -8/165 HPs)
             Began as a Human Wanderer on Dec 26, 2022.
             Was the Champion of Vehumet.
             Killed from afar by a tengu reaver (39 damage)
             ... with a bolt of lightning
             ... on level 5 of the Vaults.
             The game lasted 03:17:26 (46576 turns).

Armakuni the Annihilator (Human Wanderer)          Turns: 46576, Time: 03:17:27

Health: -8/165     AC: 11    Str: 20    XL:     23   Next: 53%
Magic:  22/38      EV: 31    Int: 28    God:    Vehumet [******]
Gold:   3958       SH:  6    Dex: 18    Spells: 6/45 levels left

rFire   + . .      SeeInvis .    a - staff of conjuration
rCold   . . .      Faith    .    J - +0 buckler
rNeg    + . .      Spirit   .    m - +4 swamp dragon scales
rPois   +          Reflect  .    K - +0 hat {Int+3}
rElec   .          Harm     .    U - +1 cloak of Noon {rF+ Regen+ Int+2}
rCorr   .          Rampage  .    C - +0 pair of fencer's gloves {Riposte Dex+3}
Will    +....                    u - +0 pair of boots
Stlth   ++                       A - amulet of the acrobat
HPRegen 1.27/turn                I - +6 ring of intelligence
MPRegen 0.26/turn                W - ring of Cuxkodgh {Wiz rN+ Int+3}

@: corroded, acrobatic
A: no striking features
}: 2/15 runes: decaying, gossamer
a: Renounce Religion


You were on level 5 of the Vaults.
You worshipped Vehumet.
Vehumet was exalted by your worship.
You visited 8 branches of the dungeon, and saw 39 of its levels.
You also visited: Ice Cave.

You collected 5864 gold pieces.
You spent 1906 gold pieces at shops.

Inventory:

Hand Weapons
 b - the +7 war axe "Dyskedien" {vorpal, Str+10 Dex+2 Stlth-}
   (You found it on level 1 of the Swamp)

   It inflicts extra damage upon your enemies.
   Str:       It affects your strength (+10).
   Dex:       It affects your dexterity (+2).
   Stlth:     It makes you less stealthy.
Armour
 m - +4 swamp dragon scales (worn)
 u - a +0 pair of boots (worn)
 C - the +0 pair of fencer's gloves (worn) {Riposte Dex+3}
   (You acquired it on level 4 of the Spider Nest)

   It allows the wearer to riposte with melee weapons, swiftly retaliating
   against missed or blocked melee attacks.
   Dex:       It affects your dexterity (+3).
 J - a +0 buckler (worn)
 K - a +0 hat of intelligence (worn)
 U - the +1 cloak of Noon (worn) {rF+ Regen+ Int+2}
   (You found it on level 2 of the Swamp)

   Int:       It affects your intelligence (+2).
   rF:        It protects you from fire.
   Regen:     It increases your rate of health regeneration.
Magical Staves
 a - a staff of conjuration (weapon)
Jewellery
 A - an amulet of the acrobat (around neck)
 I - a +6 ring of intelligence (left hand)
 M - a ring of willpower
 P - a ring of willpower
 W - the ring of Cuxkodgh (right hand) {Wiz rN+ Int+3}
   (You found it on level 3 of the Swamp)

   [ring of wizardry]

   It improves your spell success rate.
   Int:       It affects your intelligence (+3).
   rN:        It protects you from negative energy.
Wands
 k - a wand of digging (8)
 p - a wand of polymorph (4)
 r - a wand of roots (17)
 v - a wand of flame (63)
 D - a wand of acid (6)
 Z - a wand of paralysis (7)
Scrolls
 h - 5 scrolls of noise
 i - 13 scrolls of teleportation
 o - 2 scrolls of magic mapping
 y - 7 scrolls of fear
 z - 13 scrolls of identify
 B - a scroll of blinking
 F - 2 scrolls of enchant armour
 O - 6 scrolls of fog
 Q - 3 scrolls of amnesia
 R - 4 scrolls of immolation
 T - 2 scrolls of poison
 V - 7 scrolls of vulnerability
Potions
 d - 4 potions of haste
 f - 3 potions of might
 g - 10 potions of cancellation
 j - 8 potions of brilliance
 n - 12 potions of ambrosia
 q - a potion of berserk rage
 w - 6 potions of magic
 x - 11 potions of mutation
 E - 4 potions of invisibility
 H - 7 potions of flight
 L - 11 potions of heal wounds
 N - 6 potions of lignification
 S - a potion of resistance
 Y - 16 potions of curing
Miscellaneous
 c - a condenser vane
 l - a lightning rod (4/4)
 s - a box of beasts
 t - a tin of tremorstones (2/2)


   Skills:
 - Level 10.0 Fighting
 - Level 12.0 Staves
 - Level 10.0 Armour
 - Level 10.0 Dodging
 - Level 2.0 Stealth
 - Level 8.0 Shields
 + Level 11.7 Spellcasting
 O Level 27 Conjurations
 - Level 10.0 Translocations
 - Level 2.0 Fire Magic
 - Level 3.0 Ice Magic
 - Level 3.0 Air Magic
 - Level 6.0 Earth Magic
 - Level 10.0 Evocations


You had 6 spell levels left.
You knew the following spells:

 Your Spells              Type           Power      Damage    Failure   Level
a - Apportation           Tloc           100%       N/A       1%          1
b - Blink                 Tloc           100%       N/A       1%          2
c - Freezing Cloud        Conj/Ice/Air   43%        6-21      1%          5
h - Hailstorm             Conj/Ice       100%       3d20      1%          3
i - Iron Shot             Conj/Erth      52%        9d10      1%          6
l - Lesser Beckoning      Tloc           100%       N/A       1%          3
m - Iskenderun's Mystic   Conj/Tloc      100%       2d19      1%          4
o - Orb of Destruction    Conj           64%        9d15      1%          7
p - Portal Projectile     Hex/Tloc       88%        N/A       1%          3
t - Teleport Other        Tloc           64%        N/A       1%          3
w - Wereblood             Tmut           16%        N/A       4%          2

Your spell library contained the following spells:

 Spells                   Type           Power      Damage    Failure   Level
 Maxwell's Capacitive Co  Air            16%        ∞         100%        8
 Polar Vortex             Ice            16%        N/A       100%        9
 Shatter                  Erth           25%        3d21*     100%        9
 Foxfire                  Conj/Fire      100%       2x1d9     0%          1
 Momentum Strike          Conj/Tloc      100%       3d10      0%          2
 Stone Arrow              Conj/Erth      100%       3d13      0%          3
 Kiss of Death            Conj/Necr      100%       2d13      1%          1
 Sandblast                Erth           100%       2d20      1%          1
 Passwall                 Tmut/Erth      27%        N/A       1%          2
 Poisonous Vapours        Pois/Air       48%        N/A       1%          2
 Gell's Gravitas          Tloc           64%        N/A       1%          3
 Inner Flame              Hex/Fire       22%        N/A       1%          3
 Kindle Blastsparks       Fire/Tloc/Air  88%        2d17      1%          3
 Mephitic Cloud           Conj/Pois/Air  83%        N/A       1%          3
 Flame Wave               Conj/Fire      98%        2d20      1%          4
 Fulminant Prism          Conj/Hex       47%        3d21      1%          4
 Manifold Assault         Tloc           64%        N/A       1%          4
 Passage of Golubria      Tloc           64%        N/A       1%          4
 Sticky Flame             Conj/Fire      98%        2d11      1%          4
 Lee's Rapid Deconstruct  Erth           25%        3d14*     1%          5
 Necrotise                Necr           64%        1d7       2%          1
 Sting                    Tmut/Pois      64%        1d6       2%          1
 Summon Small Mammal      Summ           64%        N/A       2%          1
 Cigotuvi's Dreadful Rot  Necr/Pois/Air  44%        N/A       2%          2
 Ensorcelled Hibernation  Hex/Ice        48%        N/A       2%          2
 Ozocubu's Armour         Ice            33%        N/A       2%          3
 Swiftness                Air            33%        N/A       2%          3
 Sublimation of Blood     Necr           16%        N/A       4%          2
 Call Canine Familiar     Summ           16%        N/A       8%          3
 Confusing Touch          Hex            16%        N/A       8%          3
 Spider Form              Tmut/Pois      16%        N/A       8%          3
 Summon Guardian Golem    Hex/Summ       16%        N/A       8%          3
 Tukima's Dance           Hex            16%        N/A       8%          3
 Animate Armour           Summ/Erth      66%        N/A       8%          4
 Leda's Liquefaction      Hex/Erth       16%        N/A       8%          4
 Olgreb's Toxic Radiance  Pois           16%        N/A       8%          4
 Ice Form                 Ice/Tmut       24%        N/A       14%         4
 Summon Ice Beast         Ice/Summ       24%        N/A       14%         4
 Anguish                  Hex/Necr       8%         N/A       26%         4
 Dispel Undead            Necr           16%        3d10      26%         4
 Metabolic Englaciation   Hex/Ice        12%        N/A       34%         5
 Silence                  Hex/Air        12%        N/A       34%         5
 Blade Hands              Tmut           8%         N/A       54%         5
 Simulacrum               Ice/Necr       12%        N/A       88%         6
 Spellforged Servitor     Conj/Summ      47%        N/A       2%          7
 Lehudib's Crystal Spear  Conj/Erth      52%        10d12     5%          8
 Ozocubu's Refrigeration  Ice            16%        4d11      77%         7
 Storm Form               Tmut/Air       12%        N/A       100%        7
 Summon Hydra             Summ           8%         N/A       100%        7
 Ignition                 Fire           13%        3d6       100%        8
 Summon Horrible Things   Summ           8%         N/A       100%        8


Dungeon Overview and Level Annotations

Branches:
Dungeon (15/15)            Temple (1/1) D:7            Lair (5/5) D:11
  Swamp (4/4) Lair:2       Spider (4/4) Lair:3        Slime (0/5) Lair:5
    Orc (2/2) D:12            Elf (3/3) Orc:2        Vaults (4/5) D:14
  Crypt (0/3) Vaults:3     Depths (0/4) D:15          IceCv (visited)

Altars:
Ashenzari
Cheibriados
Dithmenos
Elyvilon
Fedhas
Gozag
Hepliaklqana
Kikubaaqudgha
Makhleb
Nemelex Xobeh
Okawaru
Qazlal
Ru
Sif Muna
Trog
Uskayaw
Vehumet
Wu Jian
Xom
Yredelemnul
Zin
The Shining One
Jiyva

Shops:
D:9 *   D:12 [   Orc:1 [   Orc:2 :!(*[   Elf:1 [=:=**   Elf:2 (

Portals:
Trove: Vaults:2 (give +3 gold dragon scales)

Annotations:
Lair:3 exclusion: 2 oklob plants
Spider:3 1 runed translucent door, exclusion: door, Pogruont's ghost, adept FoHu
Elf:1 3 runed translucent doors, exclusions: 3 doors and obsidian statue, Munkik's ghost, adept DrCj
Elf:2 3 runed translucent doors, exclusion: 3 doors
Vaults:4 Vivivvi's ghost, veteran DjCj


Message History

The tengu reaver hits your stone giant with a +2 long sword of freezing!!
The tengu reaver freezes your stone giant.
Your stone giant dies!
Your stone giant's corpse dissolves into shadows!
Your brown ugly thing basks in the mutagenic energy from its kin and changes!
The sphinx is engulfed in freezing vapours.
Unknown command.
You swap places.
The titan seems less brilliant.
Your brown very ugly thing trunk-slaps the titan!
The titan is splashed with acid.
The titan seems to be corroded for longer.
The titan hits your brown very ugly thing!!
Your brown very ugly thing dies!
Your brown very ugly thing's corpse dissolves into shadows!
Your yaktaur hits the vault warden.
The vault warden hits your yaktaur with a +1 vampiric war axe!
The vault warden hits your white very ugly thing with a +1 vampiric war axe!
The vault warden barely misses your green ugly thing.
An ettin comes into view. It is wielding two +0 dire flails.
You hear some strange, mumbled words.
The stone giant completely misses you.
Your white very ugly thing kicks the vault warden!!
The vault warden dies!
Vehumet accepts your kill.
The deep elf high priest mumbles some strange prayers to its god against you.
Something smites you!
* * * LOW HITPOINT WARNING * * *
Your yaktaur barely misses the vault guard.
The yaktaur captain shoots a bolt.
The bolt hits your green ugly thing!!!
Your green ugly thing dies!
Your green ugly thing's corpse dissolves into shadows!
Unknown command.
Blink to where?
Press: ? - help, Dir - move target
As you read the scroll of blinking, it crumbles to dust.
Found a pair of gloves.
The ice encasing you melts away. The tengu reaver casts a spell at you.
The bolt of lightning hits you!!!
You die...

.#..p# o#D..# .#...##
.#.... [.[..
.)p#####################
.Dpo).C....§...........[
<.[p.{c).uHF§§§.........
§epBoep.§C.§§§§.@.......
[)[.C.e.c.Q§§§§.........
[.C#####################
.... .#.e. .#....
.#.p...


You could see a sphinx, a stone giant (ally target), a tengu reaver, a goliath
frog shaped shifter and a friendly white very ugly thing (summoned).

Vanquished Creatures
  Bai Suzhen (Spider:4)
  Saint Roka (Orc:2)
  the Lernaean hydra (Swamp:4)
  Nikola (Spider:4)
  Mlioglotl (Swamp:1)
  A tentacled monstrosity (Vaults:5)
  2 deep elf blademasters (Elf:3)
  Rupert (D:14)
  Asterion (Spider:1)
  2 deep elf master archers (Elf:3)
  A sphinx (Elf:3)
  Gastronok (D:12)
  2 thorn hunters
  A fenstrider witch (Swamp:3)
  5 deep elf sorcerers (Elf:3)
  7 vault wardens
  Louise (Swamp:3)
  5 ghost moths
  A caustic shrike zombie (D:15)
  3 deep elf elementalists (Elf:3)
  8 orc warlords
  5 emperor scorpions
  2 war gargoyles
  2 reapers (IceCv)
  7 very ugly things
  16 ironbound preservers
  2 broodmothers
  5 ironbound thunderhulks
  7 deep elf demonologists
  The ghost of caveywoolpert the Thaumaturge, a journeyman DgEE (Lair:5)
  3 eleionomae
  8 deep elf annihilators
  14 dire elephants
  A spark wasp (Spider:4)
  4 bunyips
  Snorg (D:13)
  An ettin (Vaults:4)
  A crystal guardian (Vaults:1)
  4 deep elf death magi
  4 fire dragons
  5 yaktaur captains
  Fannar (Lair:3)
  A shambling mangrove (Swamp:1)
  2 caustic shrike simulacra (IceCv)
  3 entropy weavers
  3 deep elf high priests
  27 vault guards
  A great orb of eyes (Vaults:1)
  A ghost crab (Swamp:4)
  37 hydras
  An ogre mage (D:15)
  2 peacekeepers
  Erica (D:9)
  7 alligators
  2 catoblepae
  A jorogumo (Spider:1)
  13 centaur warriors
  3 boulder beetles
  3 radroaches
  12 dancing weapons
  16 death yaks
  6 ironbound frosthearts
  6 two-headed ogres
  A tengu warrior (D:14)
  A vampire mage (D:15)
  14 spriggans
  14 deep elf knights
  4 pharaoh ants
  2 sun moths
  A goliath frog (Swamp:4)
  Nergalle (D:11)
  13 skeletal warriors
  49 deep trolls
  11 swamp dragons
  4 orb spiders
  3 spriggan druids
  8 bog bodies
  2 glowing orange brains
  A spriggan simulacrum (IceCv)
  3 obsidian statues
  4 steelbarb worms
  4 wizards
  A tengu zombie (Vaults:4)
  14 deep elf archers
  22 deep elf zephyrmancers
  23 orc knights
  A phantasmal warrior (Vaults:5)
  3 harpies (Elf:3)
  2 necromancers
  32 deep elf pyromancers
  5 lindwurms
  8 cyclopes
  19 wolf spiders
  7 manticores
  A tengu skeleton (Vaults:4)
  17 ugly things
  16 ironbound convokers
  A faun (D:12)
  9 orc sorcerers
  A stone giant zombie (Vaults:4)
  2 moths of wrath
  A will-o-the-wisp (Swamp:3)
  2 sphinx skeletons
  A frost giant skeleton (Vaults:3)
  Maurice (Orc:1)
  A guardian serpent (shapeshifter) (D:14)
  5 elephants
  A torpor snail (Lair:4)
  Maggie (D:8)
  15 vault sentinels
  2 stone giant skeletons (Vaults:3)
  3 black mambas
  3 gargoyles
  8 rime drakes
  An unseen horror zombie (D:10)
  10 cane toads
  A kobold demonologist (D:11)
  18 komodo dragons
  Psyche (D:11)
  4 demonic crawlers
  27 yaktaurs
  2 efreet
  7 freezing wraiths
  An elf skeleton (Vaults:3)
  A tengu conjurer (D:14)
  4 golden dragon simulacra (IceCv)
  A yaktaur skeleton (Vaults:3)
  A queen bee (Lair:3)
  5 trolls
  9 tyrant leeches
  A tengu simulacrum (Vaults:4)
  A polar bear (shapeshifter) (Elf:3)
  6 meliai
  4 polar bears
  20 hornets
  25 tarantellas
  19 slime creatures
  3 bloated husks
  11 blink frogs
  7 dream sheep
  2 air elementals (Elf:2)
  2 vampires
  18 culicivoras
  52 yaks
  27 jumping spiders
  2 wyverns
  3 water elementals
  An ettin skeleton (Vaults:3)
  2 wraiths
  8 basilisks
  2 fire elementals (Elf:3)
  16 humans
  4 steam dragons
  A minotaur simulacrum (IceCv)
  A yaktaur simulacrum (Vaults:4)
  15 vampire mosquitoes
  12 wargs
  38 redbacks
  4 acid dragons
  18 swamp worms
  15 water moccasins
  A hydra simulacrum (IceCv)
  A glowing shapeshifter skeleton (D:15)
  5 human skeletons
  2 hell hounds (Elf:3)
  An alligator simulacrum (IceCv)
  27 orc warriors
  3 ettin simulacra (IceCv)
  9 swamp drakes
  A sky beast (D:8)
  3 black bears
  An ice beast (D:6)
  A boggart (D:15)
  4 wolves
  7 ogres
  A phantom (D:6)
  8 centaurs
  3 kobold brigands
  13 bullfrogs
  A deep troll simulacrum (IceCv)
  4 scorpions
  4 wights (D:9)
  A lindwurm simulacrum (IceCv)
  66 killer bees
  A vampire bat (D:9)
  3 electric eels (Lair:4)
  6 howler monkeys
  A centaur zombie (D:10)
  23 orc priests
  3 hounds
  A jelly (D:6)
  9 iguanas
  Natasha (twice) (D:3)
  35 orc wizards
  7 hell rats
  3 gnolls
  10 adders
  A river rat (Lair:3)
  A shadow imp (D:7)
  A white imp (D:6)
  An ufetubus (D:5)
  97 orcs
  3 bat skeletons (D:9)
  A bat zombie (D:9)
  2 endoplasms
  A giant cockroach (D:4)
  7 goblins
  5 hobgoblins
  12 jackals
  10 kobolds
  2 quokkas
  3 ball pythons
  2 bats (D:3)
  2 frilled lizards (D:2)
  5 rats
  19 briar patches
1536 creatures vanquished.

Vanquished Creatures (collateral kills)
  A vault warden (Vaults:5)
  An ironbound preserver (Vaults:5)
  A dire elephant (Vaults:1)
  A death yak (Lair:5)
  A bog body (Swamp:1)
  A vault sentinel (Vaults:5)
  A cane toad (Lair:5)
  A hornet (Spider:4)
  A blink frog (Lair:4)
  A culicivora (Spider:1)
  A vampire mosquito (D:12)
  2 redbacks (Spider:1)
  A warg (Vaults:5)
  5 killer bees (D:12)
  An orc (Vaults:5)
20 creatures vanquished.

Vanquished Creatures (others)
  A lich (Vaults:4)
  An eldritch tentacle (Vaults:4)
  The ghost of Koud Lun the Slayer, an adept DjCj of Ashenzari (D:15)
  A vault warden (Vaults:4)
  A great orb of eyes (Vaults:4)
  A goliath frog (Swamp:4)
  A deep elf zephyrmancer (Elf:1)
  A spriggan (D:15)
  A black bear (D:15)
  4 ball lightnings
  A briar patch (Swamp:3)
  56 fungi
  77 plants
  7 withered plants (D:15)
154 creatures vanquished.

Grand Total: 1710 creatures vanquished

Notes
Turn   | Place    | Note
-------+----------+-------------------------------------------
     0 | D:1      | Armakuni the Human Wanderer began the quest for the Orb.
     0 | D:1      | Armakuni set off with the following items: a +2
                  | quarterstaff, a +0 pair of gloves, a potion of curing, a +0
                  | robe; and the following spell memorised: Foxfire; and the
                  | following spells available to memorise: Kindle Blastsparks.
     0 | D:1      | Reached XP level 1. HP: 16/16 MP: 2/2
   745 | D:1      | Found a faded altar of an unknown god.
  1063 | D:2      | Reached XP level 2. HP: 22/22 MP: 3/3
  1258 | D:2      | Reached XP level 3. HP: 27/27 MP: 4/4
  1992 | D:2      | Reached XP level 4. HP: 26/33 MP: 5/5
  2272 | D:3      | Found a hazy altar of Hepliaklqana.
  2327 | D:3      | Reached XP level 5. HP: 29/38 MP: 6/6
  2372 | D:3      | Noticed Natasha
  2393 | D:3      | Killed Natasha
  2394 | D:3      | Reached skill level 5 in Staves
  2750 | D:3      | Noticed Natasha
  2762 | D:3      | Killed Natasha
  2763 | D:3      | Reached XP level 6. HP: 42/44 MP: 7/7
  3213 | D:4      | Reached skill level 1 in Conjurations
  3213 | D:4      | Reached skill level 1 in Evocations
  3256 | D:4      | You fall into a shaft and drop 2 floors!
  3402 | D:6      | Reached skill level 2 in Conjurations
  3430 | D:6      | Reached XP level 7. HP: 38/50 MP: 8/8
  3486 | D:6      | Reached skill level 3 in Conjurations
  3517 | D:5      | Entered Level 5 of the Dungeon
  3728 | D:4      | Identified a scroll of acquirement
  3728 | D:4      | Acquired a +6 spectral quarterstaff
  4048 | D:5      | Reached skill level 4 in Conjurations
  4051 | D:5      | Reached XP level 8. HP: 55/56 MP: 9/9
  4190 | D:5      | Found a blossoming altar of Fedhas.
  4291 | D:5      | Learned a level 1 spell: Apportation
  4330 | D:5      | Found a hide-covered altar of Uskayaw.
  4474 | D:5      | Found an iron altar of Okawaru.
  4839 | D:6      | Reached skill level 5 in Conjurations
  4839 | D:6      | Reached skill level 5 in Evocations
  4850 | D:6      | Found a bloodstained altar of Trog.
  5874 | D:7      | Found a staircase to the Ecumenical Temple.
  5889 | D:7      | Reached skill level 6 in Conjurations
  5889 | D:7      | Reached XP level 9. HP: 56/61 MP: 10/10
  5906 | Temple   | Entered the Ecumenical Temple
  6066 | Temple   | Became a worshipper of Vehumet
  6142 | D:7      | Reached skill level 7 in Conjurations
  6195 | D:7      | Noticed a manticore
  6304 | D:7      | Killed a manticore
  6366 | D:7      | Reached skill level 8 in Conjurations
  6574 | D:7      | Reached XP level 10. HP: 63/67 MP: 11/11
  6916 | D:8      | Reached skill level 9 in Conjurations
  6996 | D:8      | Noticed Maggie
  7008 | D:8      | Killed Maggie
  7113 | D:8      | Noticed a vault sentinel
  7113 | D:8      | Noticed a vault sentinel
  7131 | D:8      | Killed a vault sentinel
  7137 | D:8      | Killed a vault sentinel
  7155 | D:8      | Found the +18 shield of the Gong {rElec rN+ Will+ EV-5}
  7353 | D:9      | Noticed a two-headed ogre
  7358 | D:9      | Killed a two-headed ogre
  7359 | D:9      | Reached skill level 10 in Conjurations
  7359 | D:9      | Reached skill level 10 in Evocations
  7410 | D:9      | Found a shimmering blue altar of Sif Muna.
  7430 | D:9      | Reached * piety under Vehumet
  7430 | D:9      | Offered knowledge of Sandblast by Vehumet.
  7441 | D:9      | Reached skill level 1 in Dodging
  7446 | D:9      | Found a glowing golden altar of the Shining One.
  7485 | D:9      | Noticed Erica
  7491 | D:9      | Found an ancient bone altar of Kikubaaqudgha.
  7654 | D:9      | Reached XP level 11. HP: 72/72 MP: 12/12
  7655 | D:9      | Found Rohosih's General Store.
  7664 | D:9      | Bought a potion of heal wounds for 55 gold pieces
  7664 | D:9      | Bought a scroll of enchant weapon for 82 gold pieces
  7665 | D:9      | Bought a book of Blasting for 440 gold pieces
  7665 | D:9      | Bought a scroll of teleportation for 33 gold pieces
  7671 | D:9      | Learned a level 4 spell: Iskenderun's Mystic Blast
  7845 | D:9      | Found a sacrificial altar of Ru.
  7958 | D:9      | Killed Erica
  8126 | D:10     | Entered Level 10 of the Dungeon
  8301 | D:10     | Noticed an obsidian statue
  8329 | D:10     | Noticed a soul eater
  8541 | D:10     | Found a basalt altar of Yredelemnul.
  8801 | D:11     | Noticed a cyclops
  8808 | D:11     | Killed a cyclops
  8830 | D:11     | Found an opulent altar of Gozag.
  8830 | D:11     | Found an opulent altar of Gozag.
  8831 | D:11     | Found an opulent altar of Gozag.
  8832 | D:11     | Noticed a manticore
  8837 | D:11     | Killed a manticore
  8859 | D:11     | Found an opulent altar of Gozag.
  8900 | D:11     | Reached skill level 5 in Armour
  8903 | D:11     | Reached skill level 5 in Dodging
  8924 | D:11     | Found a staircase to the Lair.
  8937 | D:11     | Noticed Psyche
  8942 | D:11     | Killed Psyche
  8954 | D:11     | Noticed Nergalle
  8966 | D:11     | Killed Nergalle
  8992 | D:11     | Noticed an orc knight
  9003 | D:11     | Killed an orc knight
  9004 | D:11     | Reached XP level 12. HP: 33/78 MP: 13/13
  9054 | D:11     | Reached ** piety under Vehumet
  9063 | D:11     | Offered knowledge of Momentum Strike by Vehumet.
  9450 | D:11     | Learned a level 3 spell: Portal Projectile
  9700 | Lair:1   | Entered Level 1 of the Lair of Beasts
  9940 | Lair:1   | Offered knowledge of Dazzling Flash by Vehumet.
 10047 | Lair:1   | Noticed a death yak
 10048 | Lair:1   | Noticed a death yak
 10048 | Lair:1   | Noticed a death yak
 10048 | Lair:1   | Noticed a death yak
 10058 | Lair:1   | Noticed a death yak
 10059 | Lair:1   | Noticed a death yak
 10061 | Lair:1   | Killed a death yak
 10061 | Lair:1   | Killed a death yak
 10061 | Lair:1   | Killed a death yak
 10062 | Lair:1   | Reached skill level 10 in Staves
 10064 | Lair:1   | Killed a death yak
 10070 | Lair:1   | Killed a death yak
 10071 | Lair:1   | Reached XP level 13. HP: 34/83 MP: 14/14
 10188 | Lair:1   | Reached *** piety under Vehumet
 10673 | Lair:2   | Offered knowledge of Flame Wave by Vehumet.
 10889 | Lair:2   | Noticed a catoblepas
 10903 | Lair:2   | Killed a catoblepas
 11121 | Lair:2   | Found a staircase to the Swamp.
 11607 | Lair:3   | Noticed Fannar
 11623 | Lair:3   | Killed Fannar
 11669 | Lair:3   | Reached **** piety under Vehumet
 11714 | Lair:3   | Offered knowledge of Freezing Cloud by Vehumet.
 11721 | Lair:3   | Learned a level 5 spell: Freezing Cloud
 11852 | Lair:3   | Found a hole to the Spider Nest.
 12049 | Lair:3   | Reached skill level 10 in Armour
 12062 | Lair:3   | Reached skill level 10 in Dodging
 12170 | Lair:3   | Reached ***** piety under Vehumet
 12193 | Lair:3   | Offered knowledge of Sticky Flame by Vehumet.
 12213 | Lair:3   | Reached skill level 1 in Translocations
 12213 | Lair:3   | Reached XP level 14. HP: 82/91 MP: 15/15
 12923 | Lair:4   | Reached skill level 5 in Fighting
 13247 | Lair:4   | Reached skill level 5 in Translocations
 13775 | Lair:5   | Entered Level 5 of the Lair of Beasts
 14475 | Lair:5   | Found a viscous altar of Jiyva.
 14475 | Lair:5   | Found a staircase to the Slime Pits.
 14796 | Lair:5   | Noticed caveywoolpert's ghost (journeyman DgEE)
 14838 | Lair:5   | Offered knowledge of Lightning Bolt by Vehumet.
 14880 | Lair:5   | Reached XP level 15. HP: 61/110 MP: 16/16
 15191 | Lair:5   | Found a runed translucent door.
 15212 | Lair:5   | Killed caveywoolpert's ghost
 15223 | Lair:5   | Acquired 899 gold pieces
 15533 | Lair:5   | Identified the +0 robe of Uskayaw's Indignation {-Tele rN+
                  | rCorr Slay+4}
 15725 | D:12     | Noticed Gastronok
 15759 | D:12     | Killed Gastronok
 15917 | D:12     | Identified the +8 lajatang of Xuesisch {flame, Str+7 Int-2}
 15934 | D:12     | Found a glowing golden altar of the Shining One.
 15978 | D:12     | Reached skill level 10 in Fighting
 16122 | D:12     | Found a staircase to the Orcish Mines.
 16124 | D:12     | Found Wuilau's Armour Boutique.
 16140 | D:12     | Reached skill level 10 in Translocations
 16190 | D:12     | Found a sparkling altar of Nemelex Xobeh.
 16295 | D:12     | Offered knowledge of Starburst by Vehumet.
 16773 | Orc:1    | Entered Level 1 of the Orcish Mines
 16781 | Orc:1    | Noticed Maurice
 16790 | Orc:1    | Killed Maurice
 16800 | Orc:1    | Noticed an orc warlord
 16829 | Orc:1    | Killed an orc warlord
 16833 | Orc:1    | Reached skill level 11 in Conjurations
 16955 | Orc:1    | Found Joj Way's Armour Emporium.
 17121 | Orc:2    | Entered Level 2 of the Orcish Mines
 17246 | Orc:2    | Found Qamyneod's Antique Weapon Shop.
 17338 | Orc:2    | Noticed Saint Roka
 17460 | Orc:2    | Killed Saint Roka
 17643 | Orc:2    | Reached skill level 12 in Conjurations
 17725 | Orc:2    | Reached XP level 16. HP: 59/120 MP: 17/17
 17771 | Orc:2    | Offered knowledge of Conjure Ball Lightning by Vehumet.
 17870 | Orc:2    | Found Fick's Book Boutique.
 17870 | Orc:2    | Found Girghiho's Distillery.
 17900 | Orc:2    | Bought a book of Spatial Translocations for 280 gold pieces
 17904 | Orc:2    | Learned a level 2 spell: Blink
 17964 | Orc:2    | Found Inofrom's Armour Emporium.
 17964 | Orc:2    | Found Udapow's Assorted Antiques.
 17985 | Orc:2    | Bought a scroll of blinking for 277 gold pieces
 17985 | Orc:2    | Bought a scroll of identify for 74 gold pieces
 18049 | Orc:2    | Found a staircase to the Elven Halls.
 18559 | Orc:1    | You fall into a shaft and drop 1 floor!
 18744 | Orc:1    | Bought a scarf of resistance for 448 gold pieces
 19368 | D:13     | Reached skill level 13 in Conjurations
 19425 | D:14     | Noticed Rupert
 19425 | D:14     | Noticed Snorg
 19425 | D:14     | Found a gate to the Vaults.
 19719 | D:13     | Killed Snorg
 19872 | D:15     | Entered Level 15 of the Dungeon
 20019 | D:15     | Reached skill level 14 in Conjurations
 20142 | D:15     | Identified the +1 quarterstaff of Jerian {venom, Will++
                  | Int+3}
 20206 | D:15     | Found a staircase to the Depths.
 20313 | D:15     | Reached skill level 15 in Conjurations
 20968 | D:15     | Found a runed translucent door.
 20971 | D:15     | Noticed Koud Lun's ghost (adept DjCj)
 20971 | D:15     | Identified the +1 spear "Brush" {vorpal, Str+7 Int+2}
 21425 | Spider:1 | Entered Level 1 of the Spider Nest
 21449 | Spider:1 | Noticed an emperor scorpion
 21450 | Spider:1 | Noticed Asterion
 21470 | Lair:3   | Killed an emperor scorpion
 21471 | Lair:3   | Reached skill level 16 in Conjurations
 21471 | Lair:3   | Reached XP level 17. HP: 101/128 MP: 13/18
 21563 | Swamp:1  | Entered Level 1 of the Swamp
 21642 | Swamp:1  | Reached skill level 1 in Ice Magic
 21642 | Swamp:1  | Reached skill level 1 in Air Magic
 21727 | Swamp:1  | Found a frozen archway.
 21742 | IceCv    | Entered an ice cave
 21749 | IceCv    | Offered knowledge of Iron Shot by Vehumet.
 22273 | IceCv    | Learned a level 6 spell: Iron Shot
 22955 | Swamp:1  | Identified the +7 war axe "Dyskedien" {vorpal, Str+10 Dex+2
                  | Stlth-}
 22960 | Swamp:1  | Reached skill level 1 in Earth Magic
 22977 | Swamp:1  | Noticed Mlioglotl
 22986 | Swamp:1  | Killed Mlioglotl
 23110 | Swamp:1  | Noticed a thorn hunter
 23119 | Swamp:1  | Killed a thorn hunter
 23132 | Swamp:1  | Paralysed by a hornet for 3 turns
 23672 | Swamp:1  | Reached skill level 5 in Earth Magic
 23973 | Swamp:2  | Noticed a thorn hunter
 23981 | Swamp:2  | Killed a thorn hunter
 24083 | Swamp:2  | Learned a level 3 spell: Lesser Beckoning
 24159 | Swamp:2  | Identified the +1 cloak of Noon {rF+ Regen+ Int+2}
 24827 | Swamp:3  | Reached skill level 5 in Spellcasting
 24870 | Swamp:3  | Learned a level 3 spell: Teleport Other
 24883 | Swamp:3  | Reached ****** piety under Vehumet
 24883 | Swamp:3  | Offered knowledge of Fireball by Vehumet.
 24988 | Swamp:3  | Found a transporter.
 25064 | Swamp:3  | Found a transporter.
 25068 | Swamp:3  | Noticed Louise
 25108 | Swamp:3  | Killed Louise
 25430 | Swamp:3  | Reached XP level 18. HP: 134/134 MP: 28/28
 25947 | Swamp:4  | Entered Level 4 of the Swamp
 26301 | Swamp:4  | Reached skill level 17 in Conjurations
 26827 | Swamp:4  | Noticed the 27-headed Lernaean hydra
 26835 | Swamp:4  | Killed the 27-headed Lernaean hydra
 26836 | Swamp:4  | Reached skill level 18 in Conjurations
 26947 | Swamp:4  | Got a decaying rune of Zot
 27286 | Lair:3   | Offered knowledge of Spellforged Servitor by Vehumet.
 27382 | Spider:1 | Killed Asterion
 27934 | Swamp:3  | Identified the ring of Cuxkodgh {Wiz rN+ Int+3}
 27942 | Swamp:3  | Identified the +1 helmet of Repulsion {Will- Dex-4 Slay+5
                  | Stlth+}
 28301 | Spider:2 | Reached skill level 19 in Conjurations
 29130 | Spider:3 | Found a runed translucent door.
 29136 | Spider:3 | Noticed Pogruont's ghost (adept FoHu)
 29450 | Spider:3 | Learned a level 2 spell: Wereblood
 29486 | Spider:3 | Reached XP level 19. HP: 127/140 MP: 26/29
 29847 | Spider:3 | Found the +1 Delatra's gloves {ID++}
 30530 | Spider:3 | Learned a level 3 spell: Hailstorm
 30611 | Spider:4 | Entered Level 4 of the Spider Nest
 30616 | Spider:4 | Noticed Nikola
 30617 | Spider:4 | Noticed Bai Suzhen
 30839 | Spider:4 | Killed Nikola
 30840 | Spider:4 | Reached skill level 20 in Conjurations
 31072 | Spider:4 | Killed Bai Suzhen
 31189 | Spider:4 | Offered knowledge of Shatter by Vehumet.
 31189 | Spider:4 | Offered knowledge of Polar Vortex by Vehumet.
 31189 | Spider:4 | Offered knowledge of Maxwell's Capacitive Coupling by
                  | Vehumet.
 31203 | Spider:4 | Acquired the +0 pair of fencer's gloves {Riposte Dex+3}
 31203 | Spider:4 | Found the +0 pair of fencer's gloves {Riposte Dex+3}
 32173 | Spider:4 | Got a gossamer rune of Zot
 32210 | Spider:4 | Reached skill level 10 in Spellcasting
 32920 | D:14     | Killed Rupert
 33029 | D:14     | Learned a level 7 spell: Orb of Destruction
 33468 | D:15     | Killed Koud Lun's ghost
 33689 | Elf:1    | Entered Level 1 of the Elven Halls
 33998 | Elf:1    | Found a runed translucent gate.
 33998 | Elf:1    | Found an opulent altar of Gozag.
 33999 | Elf:1    | Found a runed translucent gate.
 33999 | Elf:1    | Found a runed translucent gate.
 34000 | Elf:1    | Noticed Munkik's ghost (adept DrCj)
 34001 | Elf:1    | Found Fumy's Assorted Antiques.
 34001 | Elf:1    | Found Doso's Assorted Antiques.
 34155 | Elf:1    | Reached XP level 20. HP: 124/147 MP: 19/35
 34315 | Elf:1    | Found Harph's Antique Armour Shoppe.
 34535 | Elf:1    | Bought a pair of embroidered boots for 217 gold pieces
 35092 | Elf:1    | Found Yblom's Jewellery Shoppe.
 35092 | Elf:1    | Found Hain Tau's Book Shop.
 35093 | Elf:1    | Found Mipig's Jewellery Shoppe.
 35124 | Elf:2    | Paralysed by an air elemental for 1 turns
 35241 | Elf:2    | Paralysed by an air elemental for 1 turns
 35245 | Elf:2    | Paralysed by an air elemental for 1 turns
 35582 | Elf:2    | Reached skill level 21 in Conjurations
 35796 | Elf:2    | Found Agoly's Weapon Shop.
 35803 | Elf:2    | Identified the +5 scale mail of Dowdy Happiness {Drain
                  | Int+5}
 35848 | Elf:2    | Found a runed translucent gate.
 35848 | Elf:2    | Found a runed translucent gate.
 35850 | Elf:2    | Found a runed translucent gate.
 36059 | Elf:2    | Found an ancient bone altar of Kikubaaqudgha.
 36459 | Elf:3    | Entered Level 3 of the Elven Halls
 36820 | Elf:3    | Reached skill level 22 in Conjurations
 37554 | Elf:3    | Noticed a Hell Sentinel
 37979 | Elf:3    | Reached XP level 21. HP: 153/153 MP: 26/36
 37993 | Elf:3    | Identified the +4 dagger of the Coins {freeze, Will+}
 37998 | Elf:3    | Identified the +1 lajatang "Ecrecrisap" {drain, +Blink
                  | rPois Str+4}
 37998 | Elf:3    | Identified the +0 leather armour "Daddib" {Will+}
 38008 | Elf:3    | Identified the +3 halberd "Ultimatum" {protect, rF+ Dex+2}
 38013 | Elf:3    | Reached skill level 23 in Conjurations
 38261 | Elf:3    | Identified the +9 great mace "Qaiply" {antimagic, Fly
                  | rElec}
 38361 | Elf:3    | Identified the +6 scimitar of Skirmishing {drain, SInv}
 38488 | Elf:3    | Got Rutaofa's Disquisition on Frostbite
 38496 | Elf:3    | Got Ucocess's Discourse on the Legion
 38511 | Elf:3    | Identified the +7 dagger "Napol" {flame, rCorr}
 38525 | Elf:3    | Identified the +4 arbalest of the Twisting Gods {speed,
                  | Str+2 Dex+4}
 38826 | Vaults:1 | Entered Level 1 of the Vaults
 39076 | Vaults:1 | Reached skill level 1 in Shields
 39182 | Vaults:1 | Reached skill level 5 in Shields
 40880 | Vaults:2 | Reached skill level 24 in Conjurations
 40981 | Vaults:2 | Reached XP level 22. HP: 144/159 MP: 33/37
 41591 | Vaults:2 | Found a portal to a secret trove of treasure.
 42555 | Vaults:3 | Reached skill level 25 in Conjurations
 43866 | Vaults:3 | Found a staircase to the Crypt.
 44369 | Vaults:4 | Found a transporter.
 44369 | Vaults:4 | Found a transporter.
 44369 | Vaults:4 | Noticed Vivivvi's ghost (veteran DjCj)
 44727 | Vaults:4 | Identified the +0 robe of Ciulom {Rampage rC+ Int+3 Dex-3}
 44895 | Vaults:4 | Identified the +0 pair of gloves "Tuheb" {rF+}
 45083 | Vaults:4 | Reached skill level 26 in Conjurations
 45164 | Vaults:4 | Identified the +0 scimitar "Mett" {vorpal, rF+ Int+3 Dex+3}
 45323 | Vaults:4 | Reached XP level 23. HP: 137/165 MP: 26/38
 46415 | Vaults:5 | Entered Level 5 of the Vaults
 46424 | Vaults:5 | Reached skill level 27 in Conjurations
 46559 | Vaults:5 | Noticed an ancient lich
 46576 | Vaults:5 | Killed from afar by a tengu reaver

Illustrated notes

Levels and vault maps discovered:
D:1:      dpeg_arrival_rooms_c, layout_basic,
          shapermc_ecumenical_altar_mp_vishouse
D:2:      layout_loops_ring
D:3:      layout_basic, nicolae_hepliaklqana_hazy_memory,
          serial_co_window_serial, co_window_paths_a, co_window_paths_b,
          co_window_corner_a, co_window_corner_a, co_window_of_opportunity_a,
          co_window_paths_a, co_window_broadway_a, co_window_corner_cb,
          co_window_of_opportunity_b, co_window_corner_ca, co_window_cross_2,
          co_window_unsneaky_path_a, co_window_4corner_a, co_window_4corner_b,
          grunt_decor_resistance, uniq_natasha
D:4:      layout_rooms
D:5:      layout_rooms, fedhas_altar_fruit_tree, eat_drink_and_be_merry_uskayaw,
          marbit_many_paths, chequers_big_river, chequers_garden
D:6:      layout_loops_ring, lightli_temple_of_fire, serial_co_window_serial,
          co_window_of_opportunity_a, co_window_of_opportunity_a,
          co_window_paths_a, co_window_paths_b, co_window_paths_b,
          co_window_corner_cb, co_window_cross_3, co_window_paths_c,
          co_window_sun, co_window_4corner_a, glass_columns_a, glass_columns_c,
          glass_columns_b
D:7:      layout_basic, minmay_temple_entry_grid, columned_hall_lemuel,
          minmay_misc_feat_iff, minmay_three_doors
D:8:      layout_cave_pools, hellmonk_guarded_unrand_gong, uniq_maggie
D:9:      layout_irregular_city, mainiacjoe_overflow_paths,
          mainiacjoe_overflow_big_doors, kennysheep_vampire_church,
          serial_shops, nicolae_diamond_shop, uniq_erica
D:10:     layout_basic, lemuel_zombie_altar_yredelemnul, serial_park_tiny_pond,
          minivault_16, hangedman_abyss_or_decor_lesser_grid,
          minmay_misc_feat_rows
D:11:     layout_irregular_city, due_lair_maze_entry_diamond,
          serial_column_ruins, column_ruins_open_medium,
          column_ruins_open_large, column_ruins_corridor_dead_end,
          column_ruins_corridor_T, chequers_serial_rivers_marsh,
          nicolae_gozag_conspicuous_consumption, uniq_psyche, uniq_nergalle
D:12:     wad_woods_minihive, layout_irregular_city, orc_david_3,
          hangedman_feature_mirror, centaur_isle, uniq_gastronok
D:13:     layout_basic
D:14:     layout_cave_pools, david_vaults_3, kennysheep_nub,
          minmay_variable_closet, uniq_snorg
D:15:     gammafunk_depths_entry_grave, layout_stronghold,
          ebering_ghost_funeral_grove
Temple:   hellmonk_temple_forest_ring
Lair:1:   layout_chaotic_city, dreamdust_mushroom_princess, beast_lair_carwin_4,
          grunt_megastairs_5
Lair:2:   layout_cave_pods, skrybe_swamp_entry_bodies
Lair:3:   hangedman_what_comes_after_a, layout_misc_corridors,
          spider_nest_entry_funnel_web, uniq_fannar
Lair:4:   layout_layer_cave, pond, infiniplex_staircase_pool,
          grunt_megastairs_2, serial_bayou_shore_a
Lair:5:   guppyfry_lair_end_dragon, layout_cave_pods, hangedman_lair_in_review,
          dpeg_slime_entry_corner, hellmonk_ghost_happy_afterlife
Swamp:1:  layout_basic_swamp, portal_ice_cave_entry_pillars_2,
          evilmike_swamp_ruin_rubble_2, swamp_pool2, wheals_swamp_sinkhole,
          nicolae_swamp_bean_lake, infiniplex_staircase_pool_2, uniq_mlioglotl
Swamp:2:  layout_falls_marsh, evilmike_swamp_ruin_house_4, swamp_pool2
Swamp:3:  gammafunk_worm_tunnel, layout_basic_swamp,
          evilmike_swamp_ruin_house_3, swamp_pool3, grunt_witch_cave,
          uniq_louise
Swamp:4:  swamp_old_school, layout_basic_swamp, swamp_pool1,
          nicolae_swamp_baby_hydras
Spider:1: layout_spider_delve, uniq_asterion
Spider:2: layout_spider_delve, nicolae_spider_webbed_stairs
Spider:3: layout_chambers, ebering_ghost_reflecting_pool
Spider:4: spider_rune_water, uniq_nikola, uniq_bai_suzhen
Orc:1:    layout_caves, serial_shops, shop, uniq_maurice
Orc:2:    st_orc_town, layout_diamond_mine, serial_shops,
          nicolae_shop_temple_entry_statues_fountains, uniq_saint_roka
Elf:1:    minmay_elf_arrival_plus, layout_geoelf_octagon, ebering_ghost_gozag,
          serial_shops, nicolae_shop_advertising_works
          [nicolae_subvault_shop_adworks], evilmike_minifort, minmay_shop_grove
Elf:2:    elven_hall_of_blades_hangedman_original [grunt_blade_entry_basic],
          layout_loops_cross, serial_shops, nicolae_shop_bloodbath_and_beyond,
          basic_altar
Elf:3:    grunt_elf_hall_asides, layout_gridlike, special_room
          [special_room_mythical_zoo], minmay_misc_feat_cross,
          nicolae_elf_blasts_and_bolts
Vaults:1: ontoclasm_vaults_shuriken, nicolae_vaults_gold_heap,
          vaults_room_large_hall, ontoclasm_vaults_shout, v_rooms_5,
          ontoclasm_vaults_twist, nicolae_vaults_circle_grid_a,
          hangedman_vaults_nodes, v_rooms_4, nicolae_vaults_little_ls,
          nicolae_vaults_what_the_h, vaults_mumra_chevron, layout_vaults_ring
Vaults:2: v_misc_4, hangedman_vaults_restitches,
          vaults_room_grunt_arrival_ludios, ontoclasm_vaults_spin,
          hangedman_vaults_corner, vaults_dpeg_encased_lava,
          nicolae_vaults_asterisk, v_misc_1, layout_vaults_big_cross,
          enter_trove_0
Vaults:3: nicolae_vaults_inception_scallops, minmay_crypt_entry_skeletal_spiral,
          v_misc_30, vaults_standard_mumra_lines, v_misc_13,
          nicolae_vaults_little_squares_6, serial_ice_m, layout_vaults_omnigrid
Vaults:4: gammafunk_ghost_arena, v_misc_12, nicolae_vaults_little_squares_2,
          vaults_room_pools, nicolae_vaults_network_quincunx
          [nicolae_vaults_network_quincunx_subvault,
          nicolae_vaults_network_quincunx_subvault,
          nicolae_vaults_network_quincunx_subvault,
          nicolae_vaults_network_quincunx_subvault,
          nicolae_vaults_network_quincunx_subvault], vaults_room_fancy_cross,
          nicolae_vaults_theta, ontoclasm_vaults_claustrophobia, v_misc_18,
          dpeg_vaults_monster_box, v_misc_2, nicolae_vaults_circle_grid_b,
          nicolae_vaults_alarming, layout_vaults_omnibox
Vaults:5

Skill      XL: |  1  2  3  4  5  6  7  8  9 10 11 12 13 14 15 16 17 18 19 20 21 22 23 |
---------------+----------------------------------------------------------------------+-----
Staves         | 3 4 5 6 8 10 12 | 12.0
Conjurations   | 2 4 6 8 10 12 16 19 20 22 24 26 27 | 27.0
Evocations     | 2 4 6 8 10 | 10.0
Dodging        | 1 5 8 10 | 10.0
Armour         | 2 5 8 10 | 10.0
Translocations | 1 7 10 | 10.0
Fighting       | 8 10 | 10.0
Ice Magic      | 3 |  3.0
Air Magic      | 3 |  3.0
Spellcasting   | 6 7 11 | 11.7
Earth Magic    | 6 |  6.0
Shields        | 8 |  8.0
Stealth        | |  2.0
Fire Magic     | |  2.0

Action                   |  1- 3 |  4- 6 |  7- 9 | 10-12 | 13-15 | 16-18 | 19-21 | 22-24 || total
-------------------------+-------+-------+-------+-------+-------+-------+-------+-------++-------
Melee: Quarterstaff      |    63 |    90 |   146 |   241 |   723 |   738 |       |       ||  2001
       Unarmed           |       |       |       |     2 |       |       |       |       ||     2
       Lajatang          |       |       |       |       |    49 |     7 |       |       ||    56
       Staff             |       |       |       |       |     1 |    39 |   565 |   302 ||   907
       Punch             |       |       |       |       |       |       |     7 |       ||     7
Throw: Throwing net      |       |     2 |       |       |       |       |       |       ||     2
       Boomerang         |       |       |     5 |       |       |       |       |       ||     5
       Dart              |       |       |       |       |     7 |     1 |     5 |       ||    13
 Cast: Freezing Cloud    |       |       |       |       |     3 |    52 |    62 |    21 ||   138
       Iskenderun's Myst |       |       |       |       |       |    86 |    90 |    56 ||   232
       Lesser Beckoning  |       |       |       |       |       |    15 |     6 |       ||    21
       Iron Shot         |       |       |       |       |       |    14 |    42 |    54 ||   110
       Hailstorm         |       |       |       |       |       |       |    32 |     1 ||    33
       Orb of Destructio |       |       |       |       |       |       |    74 |    32 ||   106
       Wereblood         |       |       |       |       |       |       |     1 |       ||     1
       Apportation       |       |       |       |       |       |       |       |     5 ||     5
Evoke: Wand              |       |       |       |    14 |    21 |    10 |     4 |       ||    49
       Lightning rod     |       |       |       |    11 |     6 |    13 |    13 |       ||    43
       Tin of tremorston |       |       |       |       |     5 |     6 |     6 |       ||    17
       Box of beasts     |       |       |       |       |     3 |     3 |     2 |       ||     8
       Condenser vane    |       |       |       |       |       |       |     2 |       ||     2
  Use: Scroll            |     9 |       |     7 |     7 |    14 |     4 |     8 |     5 ||    54
       Potion            |       |       |       |     3 |     6 |     2 |     5 |     2 ||    18
 Stab: Sleeping          |     6 |     3 |     1 |       |       |       |     3 |       ||    13
       Distracted        |       |       |     3 |     4 |     7 |    16 |       |       ||    30
       Paralysed         |       |       |       |     5 |     7 |       |       |       ||    12
Armor: Robe              |    16 |     7 |       |       |       |       |       |       ||    23
       Leather armour    |       |    15 |    18 |       |       |       |       |       ||    33
       Scale mail        |       |       |    24 |    66 |   152 |       |       |       ||   242
       Skin              |       |       |       |     3 |       |       |       |       ||     3
       Swamp dragon scal |       |       |       |       |   134 |   385 |   291 |    60 ||   870
Dodge: Dodged            |    33 |    46 |    76 |   147 |   515 |   480 |   505 |   152 ||  1954
Block: Buckler           |       |       |       |       |       |       |     9 |    76 ||    85
       Rpst.: Staff      |       |       |       |       |       |       |    67 |    50 ||   117

Table legend: (Time is in decaauts)
 A = Elapsed time spent in this place.
 B = Non-inter-level travel time spent in this place.
 C = Inter-level travel time spent in this place.
 D = Time resting spent in this place.
 E = Time spent auto-exploring this place.
 F = Levels seen in this place.
 G = Mean time per level.
                   A        B        C        D        E       F      G
               +--------+--------+--------+--------+--------+-----+--------+
         Total |  46352 |  43079 |   3273 |  10493 |  21313 |  40 | 1158.8 |
       Dungeon |  14322 |  13414 |    908 |   1914 |   7925 |  15 |  954.8 |
        Temple |    171 |    161 |     10 |      0 |    136 |   1 |  171.0 |
          Lair |   6479 |   5568 |    911 |    747 |   3324 |   5 | 1295.8 |
         Swamp |   5203 |   4701 |    502 |   1236 |   2111 |   4 | 1300.8 |
   Spider Nest |   4555 |   4281 |    274 |   1422 |   1513 |   4 | 1138.8 |
  Orcish Mines |   2013 |   1727 |    286 |    329 |    843 |   2 | 1006.5 |
   Elven Halls |   4975 |   4768 |    207 |   2098 |   1489 |   3 | 1658.3 |
        Vaults |   7489 |   7317 |    172 |   2070 |   3837 |   5 | 1497.8 |
      Ice Cave |   1141 |   1141 |      0 |    675 |    135 |   1 | 1141.0 |
               +--------+--------+--------+--------+--------+-----+--------+

Top non-repeatable levels by time:
   Elf:3: 2200 daAuts
Vaults:4: 2133 daAuts
Spider:3: 2026 daAuts
   Elf:1: 1938 daAuts
Vaults:3: 1909 daAuts
Vaults:2: 1713 daAuts
Vaults:1: 1703 daAuts
    D:15: 1578 daAuts
  Lair:4: 1559 daAuts
 Swamp:3: 1523 daAuts
  Lair:5: 1502 daAuts
     D:3: 1460 daAuts
 Swamp:1: 1450 daAuts
     D:6: 1245 daAuts
   Orc:2: 1231 daAuts
